 Dungeon Crawl Stone Soup version 0.31-a0-569-g7ea453304b (webtiles) character file.

Game seed: 13033155021945452843

16 Ethylacetat the Insei (level 2, -3/20 HPs)
             Began as an Octopode Gladiator on Aug 18, 2023.
             Slain by an orc priest
             ... wielding a +2 dagger of electrocution
              (18 damage)
             ... on level 2 of the Dungeon.
             The game lasted 00:00:37 (530 turns).

Ethylacetat the Insei (Octopode Gladiator)           Turns: 530, Time: 00:00:37

Health: -3/20      AC:  1    Str: 13    XL:     2   Next: 58%
Magic:  2/2        EV: 14    Int: 10    God:
Gold:   65         SH:  0    Dex: 13    Spells: 1/1 levels left

rFire   . .          .
                       - Unarmed
rCold   . . .        (no shield)
rNeg    . . .        a - +0 hat
rPois   .            (no amulet)
rElec   .            (no ring)
rCorr   .            (no ring)
SInv    .            (no ring)
Will    .....        (no ring)
Stlth   ++           (no ring)
HPRegen 0.23/turn    (no ring)
MPRegen 0.08/turn    (no ring)
                     (no ring)

%: no passive effects
@: confused
A: almost no armour, amphibious, 8 rings, camouflage 1, gelatinous body 1,
(nimble swimmer 1), tentacles
a: no special abilities


You were on level 2 of the Dungeon.
You visited 1 branch of the dungeon, and saw 2 of its levels.

You collected 65 gold pieces.

Inventory:

Missiles
 b - 3 throwing nets (quivered)
 c - a javelin
Armour
 a - a +0 hat (worn)
Scrolls
 d - a scroll of summoning {unknown}
 e - a scroll of enchant weapon {unknown}
Potions
 f - a potion of curing {unknown}


   Skills:
 + Level 2.3 Fighting
 - Level 2.0 Throwing
 + Level 3.2 Dodging
 + Level 3.3 Unarmed Combat


You had one spell level left.
You didn't know any spells.
Your spell library contained the following spells:

 Spells                   Type           Power      Damage    Failure   Level
 Ensorcelled Hibernation  Hex/Ice        0%         N/A       50%         2
 Momentum Strike          Conj/Tloc      0%         3d8       50%         2
 Dazzling Flash           Conj/Hex       0%         N/A       75%         3
 Anguish                  Hex/Necr       0%         N/A       98%         4
 Petrify                  Tmut/Erth      0%         N/A       98%         4
 Alistair's Intoxication  Tmut/Pois      0%         N/A       100%        5


Dungeon Overview and Level Annotations

Branches:
Dungeon (2/15)

Altars:


Innate Abilities, Weirdness & Mutations

You cannot wear most types of armour.
You are amphibious.
You can wear up to eight rings at the same time.
Your skin changes colour to match your surroundings (Stealth+).
Your rubbery body absorbs attacks. (AC +1, EV +1)
((You are camouflaged when in or above water. (Stealth+)))
You have tentacles for arms and can constrict up to eight enemies at once.


Message History

A kobold is nearby!
A kobold is nearby!
A kobold is nearby!
You barely miss the kobold. Your grab misses the kobold.
The kobold hits you with a +0 short sword.
A kobold is nearby!
You tentacle-slap the kobold. You grab the kobold.
The kobold is severely wounded.
You constrict the kobold.
You kill the kobold!
Key pressed, stopping explore.
No target in view!
No target in view!
HP restored.
You pick up a book of Dreams and begin reading...
You add the spells Ensorcelled Hibernation and Anguish to your library.
No target in view!
An orc priest comes into view.
It is wielding a +2 dagger of electrocution.
You see here a giant cockroach corpse.
An orc priest is nearby!
An orc and an orc wizard come into view.
There are monsters nearby!
Found 6 stones.
The orc shouts!
The orc wizard shouts!
The orc wizard gestures at you while chanting.
You are confused.
There are monsters nearby!
You are too confused!
You are too confused!
There are monsters nearby!
You are too confused!
You are too confused!
You are too confused!
You are too confused!
You're too confused to move!
The orc priest hits you with a +2 dagger of electrocution.
You are electrocuted!!
Ouch! That really hurt!
You die...

#. #....
###.###.(..
#.......#.
#.#......
..oo... #.#....
#....o# #@# #
#.# ###.## #.#
#......
#.######.......
#.†...)........
######.........
.######.##....(.
......<.<# .....
.######.## ^...


You could see an orc priest, an orc wizard and an orc.

Vanquished Creatures
  A ball python (D:1)
  2 endoplasms (D:1)
  3 giant cockroaches
  A goblin (D:1)
  A quokka (D:1)
  2 bats (D:1)
  A frilled lizard (D:1)
  2 kobolds
  2 rats (D:1)
15 creatures vanquished.

Notes
Turn   | Place    | Note
-------+----------+-------------------------------------------
     0 | D:1      | Ethylacetat the Octopode Gladiator began the quest for the
                  | Orb.
     0 | D:1      | Reached XP level 1. HP: 14/14 MP: 1/1
   171 | D:1      | Reached XP level 2. HP: 19/19 MP: 2/2
   419 | D:1      | Got the Volume of Brilliant Therianthropy
   530 | D:2      | Slain by an orc priest

Illustrated notes

Levels and vault maps discovered:
D:1:      orjb1_clovarrival, layout_rooms
D:2:      layout_loops_ring, serial_shops, shop, basic_altar, st_stairs_3,
          uniq_robin

Action                     || total
---------------------------++-------
  Melee: Unarmed           ||    31
         Constrict         ||     9
         Tentacles         ||     7
   Stab: Sleeping          ||     1
 Armour: Skin              ||     3
  Dodge: Dodged            ||    16

Table legend: (Time is in decaauts)
 A = Elapsed time spent in this place.
 B = Non-inter-level travel time spent in this place.
 C = Inter-level travel time spent in this place.
 D = Time resting spent in this place.
 E = Time spent auto-exploring this place.
 F = Levels seen in this place.
 G = Mean time per level.
                   A        B        C        D        E       F      G
               +--------+--------+--------+--------+--------+-----+--------+
         Total |    528 |    501 |     27 |      0 |    394 |   2 |  264.0 |
       Dungeon |    528 |    501 |     27 |      0 |    394 |   2 |  264.0 |
               +--------+--------+--------+--------+--------+-----+--------+

Top non-repeatable levels by time:
     D:1: 485 daAuts
     D:2: 42 daAuts
